 Dungeon Crawl Stone Soup version 0.22-a0-368-g870eee8 (webtiles) character file.

4865 JeffiDaFish the Geomancer (level 10, -10/52 HPs)
             Began as a Gargoyle Earth Elementalist on Apr 23, 2018.
             Was a Believer of Sif Muna.
             Mangled by a komodo dragon (12 damage)
             ... on level 8 of the Dungeon.
             The game lasted 00:20:29 (8163 turns).

JeffiDaFish the Geomancer (GrEE)                    Turns: 8163, Time: 00:20:29

Health: -10/52     AC: 14    Str: 11    XL:     10   Next: 50%
Magic:  4/22       EV: 12    Int: 20    God:    Sif Muna [**....]
Gold:   571        SH:  7    Dex: 10    Spells: 17/26 levels left

rFire    . . .     SeeInvis .   f - +3 dagger (vamp)
rCold    . . .     Gourm    +   a - +3 buckler
rNeg     + . .     Faith    .   z - +2 robe {MR+}
rPois    ∞         Spirit   .   h - +0 helmet
rElec    +         Reflect  .   q - +0 cloak
rCorr    +         Harm     .   (no gloves)
MR       +....                  k - +0 pair of boots (curse)
Stlth    +++.......             u - amulet of the gourmand
HPRegen  0.17/turn              e - ring of stealth
MPRegen  0.18/turn              i - ring of resist corrosion

@: no status effects
A: negative energy resistance 1, electricity resistance, unbreathing,
petrification resistance, rot immunity, AC +7
a: Divine Energy, Renounce Religion


You were on level 8 of the Dungeon.
You worshipped Sif Muna.
Sif Muna was pleased with you.
You were very full.

You visited 2 branches of the dungeon, and saw 9 of its levels.
You also visited: Sewer.

You collected 571 gold pieces.

Inventory:

Hand Weapons
 f - a +3 vampiric dagger (weapon)
Missiles
 b - 213 stones (quivered)
Armour
 a - a +3 buckler (worn)
 h - a +0 helmet (worn)
 k - a cursed +0 pair of boots (worn)
 q - a +0 cloak (worn)
 z - a +2 robe of magic resistance (worn)
Jewellery
 e - a ring of stealth (left hand)
 i - a ring of resist corrosion (right hand)
 u - an amulet of the gourmand (around neck)
Wands
 y - a wand of iceblast (9)
Scrolls
 g - 4 scrolls of identify
 r - 4 scrolls of remove curse
 s - 4 scrolls of teleportation
 t - a scroll of amnesia
 v - a scroll of fog
 w - 2 scrolls of magic mapping
Potions
 j - 2 potions of heal wounds
 l - a potion of magic
 m - a potion of flight
 n - a potion of might
 o - a potion of brilliance
 p - 3 potions of curing
 x - a potion of agility
Comestibles
 c - 8 chunks of flesh
 d - 13 rations


   Skills:
 - Level 1.1 Fighting
 - Level 1.7 Short Blades
 - Level 2.2 Dodging
 - Level 2.6 Stealth
 - Level 4.0 Shields
 * Level 8.9 Spellcasting
 + Level 5.2 Conjurations
   Level 0.7 Transmutations
 * Level 11.6 Earth Magic


You had 17 spell levels left.
You knew the following spells:

 Your Spells              Type           Power        Failure   Level  Hunger
a - Sandblast             Erth           ######       1%          1    None
b - Stone Arrow           Conj/Erth      #####.       1%          3    None
c - Lee's Rapid Deconstr  Erth           ######....   1%          5    #####..


Dungeon Overview and Level Annotations

Branches:
Dungeon (8/15)             Temple (1/1) D:7
   Lair: D:8-11

Altars:
Cheibriados
Dithmenos
Elyvilon
Fedhas
Gozag
Hepliaklqana
Makhleb
Nemelex Xobeh
Okawaru
Ru
Sif Muna
Trog
Uskayaw
Vehumet
Wu Jian
Xom
Yredelemnul
Zin
The Shining One

Annotations:
D:5 iishen's ghost, novice MfGl
D:8 JeffiDaFish's ghost, novice GrEE


Innate Abilities, Weirdness & Mutations

You are resistant to torment.
Your stone body is resilient. (AC +7)
You are immune to poison.
You resist negative energy. (rN+)
You are resistant to electric shocks. (rElec)
You can survive without breathing.
You are immune to petrification.
You are immune to rotting.


Message History

You block the komodo dragon's attack.
You see here a hound skeleton.
Casting: Sandblast (safe; 1% risk of failure)
Confirm with . or Enter, or press ? or * to list all spells.
Aiming: Sandblast (safe; 1% risk of failure)
Press: ? - help, Shift-Dir - straight line, f/p - komodo dragon
Aim: a komodo dragon (heavily wounded)
The blast of sand hits the komodo dragon.
The komodo dragon is almost dead.
b - 214 stones The komodo dragon closely misses you.
Casting: Sandblast (safe; 1% risk of failure)
Confirm with . or Enter, or press ? or * to list all spells.
Aiming: Sandblast (safe; 1% risk of failure)
Press: ? - help, Shift-Dir - straight line, f/p - komodo dragon
Aim: a komodo dragon (almost dead)
The blast of sand misses the komodo dragon.
b - 213 stones The komodo dragon bites you!
You die...

####.##....##
#.#.#[###..#..##.#
........###.####.#...#
##...###)#
..........#.#....#.#.##
##.## #).
(....##.#.#.......###.# #.#
#.)
...####<...#..##)#)#.#####.#
##. .#.#
#....#..##...........# ##
#### ######################
# ############..#
##...@l÷.....#.#. ###
##[...###...†.....# ###.##
####..#### ##.........
.....###...### #######...
#####...#### #. #####


You could see a komodo dragon.

Vanquished Creatures
  Erica (D:8)
  A komodo dragon (D:8)
  A hippogriff (D:7)
  A human (D:7)
  4 hogs (D:7)
  An orc warrior (D:8)
  A water moccasin (D:5)
  Purgy (Sewer)
  2 sky beasts
  3 ogres
  3 centaurs
  A crocodile (D:8)
  Blork the orc (D:4)
  2 big kobolds (D:8)
  3 bullfrogs
  7 scorpions
  A water moccasin skeleton (D:8)
  8 wights (D:8)
  2 jellies (D:6)
  A crimson imp (D:8)
  Crazy Yiuf (D:4)
  5 orc wizards
  3 orc priests
  3 bullfrog skeletons
  3 hounds
  3 worker ants
  2 iguanas (D:7)
  A hound zombie (D:7)
  A hound skeleton (D:7)
  Robin (D:3)
  A worker ant zombie (D:8)
  A gnoll (D:6)
  10 adders
  An adder zombie (D:8)
  3 worms
  A dart slug (D:1)
  2 leopard geckos
  14 orcs
  11 giant cockroaches
  24 goblins
  6 hobgoblins
  9 jackals
  2 quokkas
  6 ball pythons
  10 bats
  5 frilled lizards
  2 jackal zombies (D:6)
  13 kobolds
  A leopard gecko skeleton (D:8)
  4 rats
194 creatures vanquished.

Vanquished Creatures (others)
  A quokka (D:3)
  2 fungi (D:8)
3 creatures vanquished.

Grand Total: 197 creatures vanquished

Notes
Turn   | Place    | Note
-------+----------+-------------------------------------------
     0 | D:1      | JeffiDaFish the Gargoyle Earth Elementalist began the quest for the Orb.
     0 | D:1      | Reached XP level 1. HP: 10/10 MP: 3/3
   188 | D:1      | Reached skill level 4 in Earth Magic
   188 | D:1      | Reached XP level 2. HP: 15/15 MP: 5/5
   272 | D:1      | You fall through a shaft!
   371 | D:2      | Reached XP level 3. HP: 14/19 MP: 2/6
   562 | D:2      | Noticed an ogre
   571 | D:2      | Killed an ogre
   571 | D:2      | Reached skill level 1 in Short Blades
   571 | D:2      | Reached XP level 4. HP: 23/24 MP: 1/8
   621 | D:2      | Reached XP level 5. HP: 28/28 MP: 6/9
   652 | D:2      | Learned a level 3 spell: Stone Arrow
   658 | D:2      | Learned a level 5 spell: Lee's Rapid Deconstruction
  1151 | D:3      | Reached skill level 1 in Fighting
  1248 | D:3      | Noticed Robin
  1265 | D:3      | Reached skill level 5 in Earth Magic
  1383 | D:3      | Killed Robin
  1599 | D:3      | Found a white marble altar of Elyvilon.
  2089 | D:3      | Found a burning altar of Makhleb.
  2089 | D:3      | Found a hazy altar of Hepliaklqana.
  2089 | D:3      | Found a hide-covered altar of Uskayaw.
  2089 | D:3      | Found a snail-covered altar of Cheibriados.
  2109 | D:3      | Found an opulent altar of Gozag.
  2109 | D:3      | Found a glowing golden altar of the Shining One.
  2218 | D:4      | Reached XP level 6. HP: 24/34 MP: 3/10
  2289 | D:4      | Noticed Blork the orc
  2296 | D:4      | Killed Blork the orc
  2296 | D:4      | Reached skill level 1 in Shields
  2365 | D:4      | Found a glowing drain.
  2407 | Sewer    | Entered a sewer
  2510 | Sewer    | Noticed Purgy
  2515 | Sewer    | Killed Purgy
  2515 | Sewer    | Reached skill level 6 in Earth Magic
  2515 | Sewer    | Reached XP level 7. HP: 38/38 MP: 2/13
  2665 | D:4      | Found a runed door.
  2854 | D:4      | Noticed Crazy Yiuf
  2859 | D:4      | Killed Crazy Yiuf
  3403 | D:5      | Entered Level 5 of the Dungeon
  3498 | D:5      | Reached skill level 7 in Earth Magic
  3625 | D:5      | Noticed iishen's ghost (novice MfGl)
  3740 | D:5      | Reached skill level 5 in Spellcasting
  3740 | D:5      | Reached XP level 8. HP: 43/43 MP: 7/15
  4670 | D:6      | Reached skill level 8 in Earth Magic
  4846 | D:6      | Found an ornate altar of the Wu Jian Council.
  5116 | D:6      | Found a bloodstained altar of Trog.
  5117 | D:6      | Found an iron altar of Okawaru.
  5536 | D:7      | Noticed a hippogriff
  5541 | D:7      | Killed a hippogriff
  5541 | D:7      | Reached skill level 1 in Conjurations
  5630 | D:7      | Reached skill level 9 in Earth Magic
  5630 | D:7      | Reached XP level 9. HP: 47/47 MP: 7/18
  6023 | D:7      | Found a staircase to the Ecumenical Temple.
  6045 | Temple   | Entered the Ecumenical Temple
  6078 | Temple   | Became a worshipper of Sif Muna the Loreminder
  6462 | D:7      | Found a basalt altar of Yredelemnul.
  6462 | D:7      | Found a shadowy altar of Dithmenos.
  6650 | D:8      | Reached skill level 10 in Earth Magic
  6858 | D:8      | Reached * piety under Sif Muna
  7240 | D:8      | Reached XP level 10. HP: 52/52 MP: 14/22
  7384 | D:8      | Noticed JeffiDaFish's ghost (novice GrEE)
  7570 | D:8      | Reached skill level 11 in Earth Magic
  7793 | D:8      | Noticed Erica
  7794 | D:8      | Reached ** piety under Sif Muna
  7803 | D:8      | Killed Erica
  7803 | D:8      | Reached skill level 5 in Conjurations
  8156 | D:8      | HP: 1/52 [komodo dragon (27)]
  8163 | D:8      | Mangled by a komodo dragon

Vault maps used:
D:1:      nzn_arrival_depleted_hourglass, serial_glass, glass_columns_c,
          glass_columns_a, glass_columns_b, glass_columns_a, glass_columns_b,
          glass_columns_a, glass_columns_a, glass_columns_b, due_unseen_surprise
D:3:      elyvilon_altar_4, minmay_overflow_temple_hex, first_ration, uniq_robin
D:4:      portal_sewer_entry_a, st_stairs_7, uniq_crazy_yiuf_cottage,
          uniq_blork_the_orc
D:5:      serial_corexii_hall, corexii_hall_statues_l,
          corexii_hall_statues_deadend, corexii_hall_statues_i
D:6:      grunt_temple_overflow_bloody_war, kennysheep_little_box,
          roderic_cross_of_infinity
D:7:      gammafunk_temple_overflow_elements, minmay_temple_entry_junction,
          grunt_livestock, minmay_misc_feat_x
D:8:      old_forge, erik_lair_dragon, uniq_erica
Temple:   cyrus_temple_forest
Sewer:    sewer_co_purgy_island

Skill      XL: |  1  2  3  4  5  6  7  8  9 10 |
---------------+-------------------------------+-----
Earth Magic    | 4 5 6 7 9 10 11 | 11.6
Short Blades   | 1 |  1.7
Dodging        | 2 |  2.2
Fighting       | 1 |  1.1
Spellcasting   | 3 4 5 6 8 |  8.9
Shields        | 1 3 4 |  4.0
Conjurations   | 1 4 5 |  5.2
Stealth        | |  2.6
Transmutations | |  0.7

Action                   |  1- 3 |  4- 6 |  7- 9 | 10-12 || total
-------------------------+-------+-------+-------+-------++-------
Melee: Dagger            |    86 |   199 |   243 |    71 ||   599
 Cast: Sandblast         |    18 |    21 |    54 |    24 ||   117
       Stone Arrow       |       |    14 |    40 |    13 ||    67
       Lee's Rapid Decon |       |     1 |    14 |     6 ||    21
  Use: Scroll            |     1 |     4 |     9 |     2 ||    16
       Potion            |     1 |     8 |     3 |     1 ||    13
 Stab: Sleeping          |     2 |     4 |     4 |       ||    10
       Distracted        |       |     1 |       |       ||     1
  Eat: Ration            |       |     2 |       |       ||     2
       Chunk             |       |     5 |    37 |     3 ||    45
Armor: Robe              |    37 |    61 |    94 |    18 ||   210
Dodge: Dodged            |    69 |   106 |   113 |    34 ||   322
Block: Buckler           |       |     7 |    48 |    19 ||    74

Table legend:
 A = Spawn XP
 B = Non-spawn XP
 C = Spawn XP percentage of total XP
 D = Spawn monster count
 E = Non-spawn monster count
 F = Spawn count percentage of total count
 G = Total turns spent on level
                    A         B        C        D         E        F      G
               +---------+---------+-------+---------+---------+-------+---------
         Total |       0 |    6951 |   0.0 |       0 |     194 |   0.0 |  8163
               +---------+---------+-------+---------+---------+-------+---------
           D:1 |       0 |      20 |   0.0 |       0 |      10 |   0.0 |   272
           D:2 |       0 |     158 |   0.0 |       0 |      21 |   0.0 |   695
           D:3 |       0 |     123 |   0.0 |       0 |      32 |   0.0 |  1221
           D:4 |       0 |     535 |   0.0 |       0 |      19 |   0.0 |  1096
           D:5 |       0 |     415 |   0.0 |       0 |      11 |   0.0 |  1030
           D:6 |       0 |     336 |   0.0 |       0 |      15 |   0.0 |   879
           D:7 |       0 |    1795 |   0.0 |       0 |      21 |   0.0 |  1197
           D:8 |       0 |    3427 |   0.0 |       0 |      59 |   0.0 |  1521
         Sewer |       0 |     142 |   0.0 |       0 |       6 |   0.0 |   190
               +---------+---------+-------+---------+---------+-------+---------
